 Dungeon Crawl Stone Soup version 0.26-a0-846-gcc8f1ee719 (webtiles) character file.

Game seed: 3917084929033426531

1388 thedisplayname the Cleaver (level 8, 0/73 HPs)
             Began as a Hill Orc Fighter on Nov 19, 2020.
             Was a Believer of Nemelex Xobeh.
             Slain by Prince Ribbit (1 damage)
             ... on level 5 of the Dungeon.
             The game lasted 00:10:30 (6039 turns).

thedisplayname the Cleaver (Hill Orc Fighter)       Turns: 6039, Time: 00:10:31

Health: 0/73       AC:  7    Str: 21      XL:     8   Next: 68%
Magic:  17/17      EV:  9    Int:  7 (8)  God:    Nemelex Xobeh [**....]
Gold:   226        SH:  0    Dex: 10      Spells: 7/7 levels left

rFire    . . .     SeeInvis .   a - +1 war axe
rCold    . . .     Faith    .   (no shield)
rNeg     + . .     Spirit   .   b - +0 scale mail
rPois    .         Reflect  .   (no helmet)
rElec    .         Harm     +   g - scarf {harm}
rCorr    .         Rampage  .   (no gloves)
MR       .....                  (no boots)
Stlth    ..........             (no amulet)
HPRegen  0.22/turn              h - ring of magical power
MPRegen  0.15/turn              l - ring of positive energy

@: no status effects
A: no striking features
a: Draw Escape, Draw Destruction, Draw Summoning, Renounce Religion


You were on level 5 of the Dungeon.
You worshipped Nemelex Xobeh.
Nemelex Xobeh was pleased with you.
You visited 1 branch of the dungeon, and saw 6 of its levels.

You collected 226 gold pieces.

Inventory:

Hand Weapons
 a - a +1 war axe (weapon)
Missiles
 f - a throwing net (quivered)
Armour
 b - a +0 scale mail (worn)
 c - a +0 kite shield
 g - a scarf of harm (worn)
Jewellery
 h - a ring of magical power (left hand)
 l - a ring of positive energy (right hand)
 n - a -4 ring of dexterity
 r - an uncursed amulet of faith {unknown}
 x - an uncursed ring of poison resistance {unknown}
Wands
 p - a wand of iceblast (9)
 u - a wand of acid (9)
Scrolls
 e - a scroll of enchant weapon
 j - 2 scrolls of magic mapping
 m - a scroll of enchant armour
 s - 4 scrolls of remove curse
 v - 2 scrolls of identify
Potions
 d - a potion of might
 i - a potion of magic
 k - a potion of curing
 o - a potion of flight
 q - a potion of brilliance
 w - a potion of invisibility


   Skills:
 + Level 7.2 Fighting
 * Level 9.9 Axes
 + Level 6.5 Armour
 - Level 3.2 Shields


You had 7 spell levels left.
You didn't know any spells.
Your spell library contained the following spells:

 Spells                   Type           Power        Failure   Level
 Beastly Appendage        Tmut           #.....       75%         1
 Wereblood                Tmut           #.......     86%         2
 Spider Form              Tmut/Pois      #.........   98%         3
 Ice Form                 Ice/Tmut       #.......     100%        4
 Blade Hands              Tmut           #.........   100%        5


Dungeon Overview and Level Annotations

Branches:
Dungeon (6/15)
 Temple: D:4-7

Altars:
Gozag
Nemelex Xobeh
Xom

Annotations:
D:5 Prince Ribbit
D:6 Sigmund


Message History

Prince Ribbit hops awkwardly around.
Prince Ribbit hits you.
The worker ant zombie barely misses you.
Prince Ribbit hits you! Prince Ribbit hits you!
* * * LOW HITPOINT WARNING * * *
The worker ant zombie bites you but does no damage.
You climb upwards.
There is a stone staircase leading down here.
You slash Prince Ribbit!
Prince Ribbit is heavily wounded.
Prince Ribbit hits you.
* * * LOW HITPOINT WARNING * * *
Prince Ribbit hits you!
* * * LOW HITPOINT WARNING * * *
You barely miss Prince Ribbit.
Prince Ribbit is heavily wounded.
Prince Ribbit hits you.
You die...
Your body disappears without a glow.

#.....#.# #########.#.#
......# #.#.###########
#####.# #.#...........# #.#
#.###########.# #.#
#.....[.....#.# #.#
######...##.#.#####
#####.########.#F##.#.....#
................@##.#.###.#
....#.########.####.#.# #.#
###.#.### #.# #)#####.#
..#.....# #.# #....!..#
......#.# #.# #########
.###.##.# #.# .....##.#
#.##### .######.# #.....#
......#.# #####.#


You could see Prince Ribbit.

Vanquished Creatures
  2 ice beasts
  A necrophage (D:4)
  A phantom (D:5)
  A tengu (D:5)
  An ogre (D:5)
  A bullfrog (D:4)
  A scorpion (D:3)
  A howler monkey (D:6)
  3 orc priests
  2 hounds (D:5)
  6 orc wizards
  A centaur zombie (D:5)
  2 iguanas (D:5)
  3 worker ants (D:4)
  2 hound skeletons (D:5)
  7 adders
  6 white imps
  A worm (D:3)
  A dart slug (D:1)
  3 leopard geckos
  29 orcs
  4 giant cockroaches
  6 goblins
  9 hobgoblins
  2 jackals (D:1)
  7 kobolds
  A quokka (D:2)
  7 bats
  3 frilled lizards
  A giant cockroach zombie (D:5)
  A jackal zombie (D:5)
116 creatures vanquished.

Notes
Turn   | Place    | Note
-------+----------+-------------------------------------------
     0 | D:1      | thedisplayname the Hill Orc Fighter began the quest for the
                  | Orb.
     0 | D:1      | Reached XP level 1. HP: 19/19 MP: 1/1
   231 | D:1      | Reached skill level 3 in Axes
   348 | D:1      | Reached XP level 2. HP: 27/27 MP: 2/2
   551 | D:1      | Reached XP level 3. HP: 33/33 MP: 3/3
   757 | D:2      | Reached skill level 4 in Axes
   889 | D:2      | Found a shimmering altar of Xom.
   898 | D:2      | Reached XP level 4. HP: 40/40 MP: 4/4
  1049 | D:2      | Found an opulent altar of Gozag.
  1049 | D:2      | Found a sparkling altar of Nemelex Xobeh.
  1060 | D:2      | Became a worshipper of Nemelex Xobeh the Trickster
  1499 | D:3      | Reached skill level 5 in Axes
  1499 | D:3      | Reached XP level 5. HP: 19/47 MP: 5/5
  2476 | D:3      | Reached skill level 5 in Fighting
  2476 | D:3      | Reached skill level 6 in Axes
  2476 | D:3      | Reached XP level 6. HP: 56/56 MP: 6/6
  2513 | D:3      | Reached * piety under Nemelex Xobeh
  3241 | D:4      | Reached skill level 7 in Axes
  3241 | D:4      | Reached skill level 5 in Armour
  3282 | D:4      | Reached XP level 7. HP: 61/61 MP: 7/7
  3668 | D:4      | Received a gift from Nemelex Xobeh
  3824 | D:4      | Received a gift from Nemelex Xobeh
  3967 | D:5      | Entered Level 5 of the Dungeon
  4013 | D:5      | Reached skill level 8 in Axes
  4175 | D:5      | Reached ** piety under Nemelex Xobeh
  4378 | D:5      | Reached XP level 8. HP: 11/71 MP: 8/8
  4738 | D:5      | Received a gift from Nemelex Xobeh
  4904 | D:5      | Reached skill level 9 in Axes
  5739 | D:6      | Noticed Sigmund
  5744 | D:6      | Noticed Prince Ribbit
  6038 | D:5      | HP: 1/73 [Prince Ribbit (14)]
  6039 | D:5      | Slain by Prince Ribbit

Illustrated notes

Levels and vault maps discovered:
D:1:      sevenhm_arrival_forest_fort_small_3, layout_loops_ring
D:2:      layout_basic, grunt_temple_overflow_opulence, xom_teletrap_fun
D:3:      layout_loops_corners, guppyfry_early_orc_mine
D:4:      layout_loops_cross, minmay_strange_pillars
D:5:      layout_basic
D:6:      layout_cave_pools, basic_altar, moated_statue, uniq_sigmund,
          uniq_prince_ribbit1, uniq_eustachio

Skill      XL: |  1  2  3  4  5  6  7  8 |
---------------+-------------------------+-----
Axes           | 3 4 5 6 7 8 9 |  9.9
Fighting       | 4 5 6 7 |  7.2
Armour         | 4 5 6 |  6.5
Shields        | |  3.2

Action                   |  1- 3 |  4- 6 |  7- 9 || total
-------------------------+-------+-------+-------++-------
Melee: War axe           |    72 |   164 |   137 ||   373
Invok: Draw Escape       |       |       |     1 ||     1
       Draw Destruction  |       |       |     1 ||     1
Evoke: Wand              |       |       |     1 ||     1
  Use: Potion            |     3 |     4 |     2 ||     9
       Scroll            |     2 |     7 |     3 ||    12
Armor: Scale mail        |    60 |    74 |    48 ||   182
Dodge: Dodged            |    49 |    94 |    75 ||   218

Table legend: (Time is in decaauts)
 A = Elapsed time spent in this place.
 B = Non-inter-level travel time spent in this place.
 C = Inter-level travel time spent in this place.
 D = Time resting spent in this place.
 E = Time spent auto-exploring this place.
 F = Levels seen in this place.
 G = Mean time per level.
                   A        B        C        D        E       F      G
               +--------+--------+--------+--------+--------+-----+--------+
         Total |   6106 |   5986 |    120 |   1050 |   4107 |   6 | 1017.7 |
       Dungeon |   6106 |   5986 |    120 |   1050 |   4107 |   6 | 1017.7 |
               +--------+--------+--------+--------+--------+-----+--------+

Top non-repeatable levels by time:
     D:5: 2046 daAuts
     D:3: 1473 daAuts
     D:4: 1028 daAuts
     D:2: 781 daAuts
     D:1: 742 daAuts
     D:6: 33 daAuts
